AoeStats
← [PSCH] wolverito

Arabia

509969917Analyzed
1v1 RM · 3d ago on Sep 28, 2026· 48m 50s· 2 players
Game mode
Random Map
Map size
Tiny (2 player)
Population
200
Speed
Normal
Resources
Standard
Victory
Conquest
Starting age
Dark Age
Ending age
Imperial Age
RankedLock teamsTeams togetherTeam positionsShared explorationLock speedFull tech treeHidden civsTurbo modeCheats
Victory
Defeat
🇦🇷 Teutons · Argentina
1490
+18
🇨🇭 Spanish · Switzerland
1524
-18
Pintor Austriaco
6:14 Loom
8:43 Feudal Age
10:16 Double-Bit Axe
10:57 Horse Collar
19:55 Castle Age
18:39 Bloodlines
19:18 Forging
19:36 Scale Barding Armor
21:59 Gold Mining
22:52 Bow Saw
24:40 Wheelbarrow
27:16 Iron Casting
28:46 Chain Barding Armor
28:32 Elite Skirmisher
29:26 Fletching
30:37 Bodkin Arrow
31:48 Padded Archer Armor
34:09 Leather Archer Armor
37:05 Imperial Age
38:53 Chemistry
37:35 Cavalier
38:35 Sappers
40:43 Plate Barding Armor
42:12 Arson
42:29 Squires
42:33 Scale Mail Armor
44:08 Chain Mail Armor
45:13 Conscription
46:07 Ballistics
47:55 Ring Archer Armor
49:08 Arson
[PSCH] wolverito
6:37 Loom
9:14 Feudal Age
10:49 Double-Bit Axe
20:40 Castle Age
19:50 Bloodlines
23:42 Bow Saw
24:31 Light Cavalry
25:06 Horse Collar
28:56 Sanctity
29:11 Padded Archer Armor
31:13 Husbandry
32:13 Inquisition
36:08 Imperial Age
35:44 Leather Archer Armor
36:09 Scale Barding Armor
36:30 Leather Archer Armor
37:44 Conscription
38:04 Chain Barding Armor
39:18 Pikeman
40:07 Halberdier
42:05 Halberdier
42:56 Scale Mail Armor
44:01 Chain Mail Armor
44:01 Forging
43:57 Hussar
Connection lost

Rejoining the realm…

Still unreachable

The connection could not be restored.

Session expired

The server has moved on; the page needs a fresh start.